[Event "Moscow-ch Women 2021"]
[Site "Moscow"]
[Date "2021.03.29"]
[Round "5.8"]
[White "Antonova, Nadezhda"]
[Black "Lyutsinger, Iren"]
[Result "0-1"]
[ECO "E71"]
[WhiteElo "1877"]
[BlackElo "1464"]
[Annotator "NA"]
[PlyCount "126"]
[EventDate "2021.03.25"]
[EventType "swiss"]
[EventCountry "RUS"]
[SourceTitle "playchess.com"]
[Source "ChessBase"]
[SourceQuality "1"]
[TimeControl "5400+30"]

1. d4 Nf6 2. c4 g6 3. Nc3 Bg7 4. e4 d6 5. h3 O-O 6. Be3 b6 7. g4 c5 8. Nge2 Nc6 9. d5 Ne5 10. Ng3 Ba6 11. b3 Nfxg4 12. hxg4 Nf3+ 13. Ke2 Bxc3 14. Kxf3 Bxa1 15. Qxa1 f6 16. Kg2 Qd7 17. f3 b5 18. cxb5 Bxb5 19. Bxb5 Qxb5 20. Qf1 a6 21. Ne2 Qd3 22. Bh6 Rfc8 23. Kg3 Ra7 24. Qg2 g5 25. Qh2 e5 26. dxe6 c4 27. Qf2 Rac7 28. Nc1 Qc3 29. b4 Qe5+ 30. Kg2 Qxe6 31. Qd4 Qe5 32. Rd1 Qxd4 33. Rxd4 Kf7 34. f4 Rg8 35. fxg5 Rc6 36. gxf6 Rxg4+ 37. Kf3 Rg6 38. Bf4 Rxf6 39. Rd5 c3 40. Rh5 Kg6 41. Rg5+ Kf7 42. Rh5 Kg7 43. Rg5+ Rg6 44. Rd5 c2 45. Rd3 Rg1 46. Kf2 Rd1 47. Ke2 Rc4 48. Kf3 Rf1+ 49. Kg3 Rxe4 50. Bd2 Rd1 51. a3 Kf7 52. Rxd6 Ree1 53. Nb3 Re2 54. Rc6 Rexd2 55. Nxd2 c1=Q 56. Rxc1 Rxc1 57. Kf4 Ra1 58. Nc4 Rc1 59. Ne5+ Ke6 60. Nd3 Rc3 61. Nc5+ Rxc5 62. bxc5 Kd5 63. c6 Kxc6 0-1

[Event "Moscow-ch Women 2021"]
[Site "Moscow"]
[Date "2021.03.29"]
[Round "5.9"]
[White "Cherepanova, Evita"]
[Black "Panina, Sofya"]
[Result "1/2-1/2"]
[ECO "C50"]
[WhiteElo "1621"]
[BlackElo "1341"]
[Annotator "NA"]
[PlyCount "96"]
[EventDate "2021.03.25"]
[EventType "swiss"]
[EventCountry "RUS"]
[SourceTitle "playchess.com"]
[Source "ChessBase"]
[SourceQuality "1"]
[TimeControl "5400+30"]

1. e4 e5 2. Nf3 Nc6 3. Bc4 Be7 4. d4 d6 5. h3 Nf6 6. Nc3 O-O 7. O-O h6 8. a4 a6 9. Be3 exd4 10. Nxd4 Nxd4 11. Qxd4 Be6 12. Bxe6 fxe6 13. Qc4 Qd7 14. Qb3 b6 15. Rad1 Kh8 16. e5 Nh5 17. exd6 Bxd6 18. Ne4 Nf4 19. Nxd6 cxd6 20. Qxb6 Nd5 21. Qd4 Nxe3 22. fxe3 Rxf1+ 23. Rxf1 d5 24. Rf4 Qc7 25. Rg4 Rd8 26. Rg6 Kg8 27. Qg4 Kh7 28. Qxe6 Qxc2 29. Rxh6+ gxh6 30. Qe7+ Kg6 31. Qxd8 Qxa4 32. Qd6+ Kg7 33. Qc7+ Kg6 34. Qb6+ Kh7 35. Qc7+ Kg6 36. Qd6+ Kg7 37. Qe5+ Kg6 38. Qe6+ Kg7 39. Qg4+ Qxg4 40. hxg4 Kf6 41. Kf2 Ke5 42. Ke2 Ke4 43. g3 a5 44. b3 d4 45. exd4 Kxd4 46. Kd2 Ke4 47. Ke2 Kd4 48. Kd2 Ke5 1/2-1/2

[Event "Moscow-ch Women 2021"]
[Site "Moscow"]
[Date "2021.03.29"]
[Round "5.10"]
[White "Korovina, Yana"]
[Black "Gerasimova, Maria V."]
[Result "1-0"]
[ECO "B10"]
[WhiteElo "1531"]
[BlackElo "1166"]
[Annotator "NA"]
[PlyCount "75"]
[EventDate "2021.03.25"]
[EventType "swiss"]
[EventCountry "RUS"]
[SourceTitle "playchess.com"]
[Source "ChessBase"]
[SourceQuality "1"]
[TimeControl "5400+30"]

1. e4 c6 2. Nf3 d5 3. d3 Nf6 4. e5 Nfd7 5. d4 e6 6. g3 c5 7. c3 Nc6 8. Bg2 Qb6 9. O-O Be7 10. h4 h6 11. b3 O-O 12. g4 cxd4 13. cxd4 f6 14. g5 hxg5 15. exf6 Bxf6 16. Bb2 gxh4 17. Bh3 Re8 18. Re1 Nf8 19. Ne5 Bxe5 20. dxe5 Re7 21. Nd2 Rf7 22. Nf3 Bd7 23. Re3 Rf4 24. Ng5 Re8 25. Qh5 g6 26. Qh6 Nb4 27. Nh7 Nxh7 28. Qxf4 g5 29. Qg4 Nc2 30. Rf3 Nxa1 31. Qh5 Re7 32. Bxa1 Qc5 33. Rc3 Qd4 34. Rc8+ Bxc8 35. Bxd4 b6 36. Qg6+ Kf8 37. Bb2 Rg7 38. Ba3+ 1-0

[Event "Moscow-ch Women 2021"]
[Site "Moscow"]
[Date "2021.03.30"]
[Round "6.1"]
[White "Zherebtsova, Alexandra"]
[Black "Charochkina, Daria"]
[Result "0-1"]
[ECO "D11"]
[WhiteElo "2177"]
[BlackElo "2337"]
[Annotator "NA"]
[PlyCount "81"]
[EventDate "2021.03.25"]
[EventType "swiss"]
[EventCountry "RUS"]
[SourceTitle "playchess.com"]
[Source "ChessBase"]
[SourceQuality "1"]
[TimeControl "5400+30"]

1. d4 d5 2. Nf3 Nf6 3. c4 c6 4. e3 Bg4 5. Nbd2 e6 6. h3 Bh5 7. g4 Bg6 8. Ne5 Nbd7 9. Nxg6 hxg6 10. Bg2 g5 11. a3 Bd6 12. b3 Qe7 13. Bb2 Nf8 14. Qc2 Ng6 15. Nf3 Ne4 16. Ne5 Nh4 17. Bxe4 dxe4 18. Qxe4 f5 19. gxf5 exf5 20. Qc2 Bxe5 21. dxe5 O-O-O 22. Rd1 Qe6 23. Ke2 f4 24. Rd4 c5 25. Rxd8+ Rxd8 26. exf4 gxf4 27. f3 Nxf3 28. Rd1 Rh8 29. Qd3 Nxe5 30. Qd5 f3+ 31. Kf2 Qxh3 32. Bxe5 Qg2+ 33. Ke3 Qe2+ 34. Kf4 Rf8+ 35. Kg4 f2+ 36. Kg3 Qxd1 37. Qxc5+ Kd7 38. Qxf8 f1=Q 39. Qxg7+ Ke6 40. Qg6+ Kxe5 41. Qd6+ 0-1

[Event "Moscow-ch Women 2021"]
[Site "Moscow"]
[Date "2021.03.30"]
[Round "6.2"]
[White "Dimitrova, Aleksandra"]
[Black "Shvedova, Alexandra"]
[Result "1-0"]
[ECO "B80"]
[WhiteElo "2275"]
[BlackElo "1997"]
[Annotator "NA"]
[PlyCount "71"]
[EventDate "2021.03.25"]
[EventType "swiss"]
[EventCountry "RUS"]
[SourceTitle "playchess.com"]
[Source "ChessBase"]
[SourceQuality "1"]
[TimeControl "5400+30"]

1. e4 c5 2. Nf3 d6 3. d4 cxd4 4. Nxd4 Nf6 5. Nc3 a6 6. Be3 e6 7. f3 b5 8. Qd2 Nbd7 9. g4 h6 10. O-O-O b4 11. Na4 Ne5 12. b3 Bd7 13. Nb2 d5 14. Nd3 Nxf3 15. Nxf3 Nxe4 16. Qe1 Nc3 17. Bd4 Nxd1 18. Qxd1 Rg8 19. Kb1 Bd6 20. Nde5 Qc7 21. Bd3 Bb5 22. Rf1 O-O-O 23. h4 f6 24. Ng6 e5 25. Bb2 Bxd3 26. cxd3 Kb7 27. h5 Rge8 28. Nfh4 Bc5 29. Nf5 e4 30. d4 Bb6 31. Ne3 Qg3 32. Qd2 Rd7 33. Nf4 Red8 34. Qe2 Qh4 35. Nf5 Qg5 36. Ne6 1-0

[Event "Moscow-ch Women 2021"]
[Site "Moscow"]
[Date "2021.03.30"]
[Round "6.3"]
[White "Gorovenko, Darya"]
[Black "Paramzina, Anastasya"]
[Result "0-1"]
[ECO "D90"]
[WhiteElo "2106"]
[BlackElo "2252"]
[Annotator "NA"]
[PlyCount "46"]
[EventDate "2021.03.25"]
[EventType "swiss"]
[EventCountry "RUS"]
[SourceTitle "playchess.com"]
[Source "ChessBase"]
[SourceQuality "1"]
[TimeControl "5400+30"]

1. Nf3 Nf6 2. c4 g6 3. Nc3 d5 4. Qa4+ Bd7 5. Qb3 dxc4 6. Qxc4 Bg7 7. e4 O-O 8. d4 b5 9. Qb3 c5 10. dxc5 Na6 11. Be3 Ng4 12. Nd5 e6 13. h3 Nxe3 14. Nxe3 Nxc5 15. Qc2 Qa5+ 16. Nd2 Rac8 17. Rb1 Qxa2 18. Be2 Rfd8 19. O-O Na4 20. Nec4 bxc4 21. Bxc4 Nb6 22. Rfc1 Ba4 23. Bxa2 Bxc2 0-1

[Event "Moscow-ch Women 2021"]
[Site "Moscow"]
[Date "2021.03.30"]
[Round "6.4"]
[White "Zvereva, Margarita"]
[Black "Ilyina, Lada"]
[Result "0-1"]
[ECO "C06"]
[WhiteElo "1951"]
[BlackElo "1959"]
[Annotator "NA"]
[PlyCount "110"]
[EventDate "2021.03.25"]
[EventType "swiss"]
[EventCountry "RUS"]
[SourceTitle "playchess.com"]
[Source "ChessBase"]
[SourceQuality "1"]
[TimeControl "5400+30"]

1. e4 e6 2. d4 d5 3. Nd2 Nf6 4. e5 Nfd7 5. Bd3 c5 6. c3 Nc6 7. Ne2 b6 8. O-O Bb7 9. f4 g6 10. Nf3 Be7 11. Be3 a6 12. a4 Na5 13. Bf2 Bc6 14. Bc2 c4 15. Qe1 b5 16. axb5 axb5 17. Bh4 Nb6 18. Bxe7 Qxe7 19. g4 h5 20. h3 hxg4 21. hxg4 Kd7 22. Kf2 Kc7 23. f5 gxf5 24. gxf5 Nb3 25. Rb1 Bd7 26. f6 Qf8 27. Rh1 Rxh1 28. Qxh1 b4 29. Bxb3 cxb3 30. Nd2 Ba4 31. cxb4 Qxb4 32. Qc1+ Kb7 33. Qc3 Qb5 34. Qe3 Rh8 35. Nc3 Qe8 36. Qg3 Nc4 37. Nxc4 dxc4 38. Ne4 Qc6 39. Nc5+ Kb6 40. Nxa4+ Qxa4 41. Qe3 Kb7 42. Qe4+ Qc6 43. Qxc6+ Kxc6 44. Ke3 Kd5 45. Ra1 Rh3+ 46. Kd2 Kxd4 47. Ra7 Rh2+ 48. Kc1 Rh7 49. Rc7 Ke3 50. Rd7 Rh1+ 51. Rd1 Rxd1+ 52. Kxd1 Kd3 53. Kc1 Kd4 54. Kd2 Kxe5 55. Kc3 Kd5 0-1

[Event "Moscow-ch Women 2021"]
[Site "Moscow"]
[Date "2021.03.30"]
[Round "6.5"]
[White "Diakonova, Ekaterina"]
[Black "Kanevskaya, Anna"]
[Result "1/2-1/2"]
[ECO "C77"]
[WhiteElo "2156"]
[BlackElo "2130"]
[Annotator "NA"]
[PlyCount "137"]
[EventDate "2021.03.25"]
[EventType "swiss"]
[EventCountry "RUS"]
[SourceTitle "playchess.com"]
[Source "ChessBase"]
[SourceQuality "1"]
[TimeControl "5400+30"]

1. e4 e5 2. Nf3 Nc6 3. Bb5 a6 4. Ba4 Nf6 5. O-O b5 6. Bb3 Be7 7. d3 d6 8. a3 O-O 9. Nc3 Na5 10. Ba2 h6 11. Ne2 c5 12. Ng3 Nc6 13. Re1 Re8 14. Bd2 Bf8 15. Nh4 Be6 16. Bxe6 Rxe6 17. c4 g6 18. Bc3 Bg7 19. cxb5 axb5 20. Qb3 Rb8 21. Nf3 d5 22. exd5 Qxd5 23. Qxd5 Nxd5 24. Bd2 Nb6 25. Rac1 Bf8 26. Bc3 Nd7 27. h4 Rbe8 28. h5 Nd4 29. Bxd4 exd4 30. Rxe6 Rxe6 31. hxg6 fxg6 32. Ne4 Re8 33. Nfd2 g5 34. f3 Re5 35. Kf2 Be7 36. g4 Nb6 37. Nb3 Na4 38. Rc2 c4 39. Nxd4 cxd3 40. Rd2 Kf7 41. b4 Nb6 42. Rxd3 Nc4 43. Nf5 Re6 44. Nd2 Nb6 45. Nb3 Nc4 46. Nbd4 Rb6 47. Nxe7 Kxe7 48. Rc3 Nd6 49. Rc5 Kf6 50. Ke2 Kg6 51. Kd3 Ra6 52. Nxb5 Nxb5 53. Rxb5 Rxa3+ 54. Ke4 Rb3 55. Rb6+ Kg7 56. Rb8 Kg6 57. b5 Rb4+ 58. Ke5 Rb3 59. b6 Kg7 60. b7 Rb1 61. Kd5 Rb2 62. Kc6 Rc2+ 63. Kd6 Rd2+ 64. Ke6 Re2+ 65. Kf5 Rb2 66. Ke4 Rb1 67. Ke3 Rb2 68. Kd3 Rb1 69. Ke4 1/2-1/2

[Event "Moscow-ch Women 2021"]
[Site "Moscow"]
[Date "2021.03.30"]
[Round "6.6"]
[White "Lyutsinger, Iren"]
[Black "Danilova, Rada"]
[Result "0-1"]
[ECO "B25"]
[WhiteElo "1464"]
[BlackElo "2048"]
[Annotator "ChessBase"]
[PlyCount "160"]
[EventDate "2021.03.25"]
[EventType "swiss"]
[EventCountry "RUS"]
[SourceTitle "playchess.com"]
[Source "ChessBase"]
[SourceQuality "1"]
[TimeControl "5400+30"]

1. e4 c5 2. Nc3 Nc6 3. g3 g6 4. Bg2 Bg7 5. d3 d6 6. f4 e6 7. Nf3 Nge7 8. O-O O-O 9. Be3 Nd4 10. Rb1 Rb8 11. Ne2 Nxf3+ 12. Bxf3 b6 13. c3 Bb7 14. d4 cxd4 15. cxd4 Qd7 16. Qd2 f5 17. Nc3 fxe4 18. Bxe4 Bxe4 19. Nxe4 Nd5 20. Bf2 b5 21. Rfe1 Bh6 22. Nc3 Nxc3 23. Qxc3 b4 24. Qe3 Rbe8 25. Rbc1 a5 26. Rc2 Qf7 27. Qe4 Qf5 28. Qxf5 Rxf5 29. Rc6 Rd5 30. Kg2 Bg7 31. Rc4 Re7 32. Kf3 Kf7 33. g4 Rb5 34. b3 Reb7 35. Rec1 Bf6 36. Rc7+ Ke8 37. R1c6 Be7 38. Ke3 Rxc7 39. Rxc7 a4 40. bxa4 Ra5 41. h4 Rxa4 42. Rc2 d5 43. f5 gxf5 44. gxf5 Kd7 45. fxe6+ Kxe6 46. Kf4 Ra8 47. Re2+ Kf6 48. Kf3 Bd6 49. Be3 Kf5 50. Rg2 Ra3 51. Rg5+ Ke6 52. Rg2 Be7 53. Re2 Kf5 54. Rh2 h5 55. Rb2 Bd6 56. Ke2 Ke4 57. Bf2 Rh3 58. Rb3 Rxb3 59. axb3 Be7 60. Kd2 Bf6 61. Bg3 Bxd4 62. Bd6 Bc3+ 63. Ke2 d4 64. Be7 d3+ 65. Kd1 Kf3 66. Bd6 Kg4 67. Be7 Kf3 68. Bd6 Bf6 69. Bxb4 Bxh4 70. Kd2 Ke4 71. Bd6 Bg5+ 72. Kd1 h4 73. b4 Bf4 74. Bc5 h3 75. Bg1 h2 76. Bxh2 Bxh2 77. b5 Bc7 78. b6 Bxb6 79. Kd2 Ba5+ 80. Kc1 Ke3 0-1

[Event "Moscow-ch Women 2021"]
[Site "Moscow"]
[Date "2021.03.30"]
[Round "6.7"]
[White "Panina, Sofya"]
[Black "Ivanova, Anastasia S."]
[Result "0-1"]
[ECO "E76"]
[WhiteElo "1341"]
[BlackElo "1830"]
[Annotator "NA"]
[PlyCount "76"]
[EventDate "2021.03.25"]
[EventType "swiss"]
[EventCountry "RUS"]
[SourceTitle "playchess.com"]
[Source "ChessBase"]
[SourceQuality "1"]
[TimeControl "5400+30"]

1. d4 Nf6 2. c4 g6 3. Nc3 Bg7 4. e4 d6 5. f4 c5 6. dxc5 Qa5 7. Qa4+ Qxa4 8. Nxa4 Nxe4 9. cxd6 Bd7 10. Bd3 Nxd6 11. Nc5 Bc6 12. Kf1 b6 13. Nb3 Na6 14. Be2 Rc8 15. Nd2 Ne4 16. Nxe4 Bxe4 17. Nf3 Nb4 18. a3 Nd3 19. Nd2 Nxc1 20. Rxc1 Bxb2 21. Re1 Bb7 22. a4 Bc6 23. Nf3 Bxa4 24. Kf2 O-O 25. Rb1 Bg7 26. Rb4 Bc2 27. Rc1 Be4 28. Ra4 Bb2 29. Re1 Rc7 30. Ra2 Bg7 31. h3 Rd8 32. Rc1 b5 33. c5 b4 34. Nd2 Bd5 35. Ra5 b3 36. Bc4 b2 37. Rb1 Bc3 38. Bxd5 Rxd5 0-1

[Event "Moscow-ch Women 2021"]
[Site "Moscow"]
[Date "2021.03.30"]
[Round "6.8"]
[White "Mayorova, Varvara"]
[Black "Antonova, Nadezhda"]
[Result "0-1"]
[ECO "A48"]
[WhiteElo "1446"]
[BlackElo "1877"]
[Annotator "NA"]
[PlyCount "118"]
[EventDate "2021.03.25"]
[EventType "swiss"]
[EventCountry "RUS"]
[SourceTitle "playchess.com"]
[Source "ChessBase"]
[SourceQuality "1"]
[TimeControl "5400+30"]

1. d4 Nf6 2. Nf3 g6 3. Nbd2 c5 4. dxc5 Qa5 5. a3 Qxc5 6. b4 Qc3 7. Rb1 Bg7 8. Bb2 Qc7 9. e3 O-O 10. Be2 b6 11. O-O Bb7 12. c4 d6 13. Qc2 Nbd7 14. Nd4 Rfc8 15. Rfc1 a6 16. Bf3 Ne5 17. Bxb7 Qxb7 18. N4f3 Ned7 19. Nb3 Rc7 20. Qe2 Rac8 21. Rc2 e5 22. Rbc1 Bf8 23. h3 Be7 24. a4 a5 25. b5 Ne4 26. Ba3 Rd8 27. Nfd2 Nec5 28. Nxc5 dxc5 29. Rd1 Nf8 30. Nb1 Rxd1+ 31. Qxd1 Qe4 32. Nc3 Rd7 33. Qe2 Qd3 34. Qxd3 Rxd3 35. Bb2 Bd8 36. Rc1 Ne6 37. Rd1 Rxd1+ 38. Nxd1 f6 39. Nc3 Nc7 40. f3 Ne8 41. Ne4 Kf7 42. Kf2 Ke6 43. f4 f5 44. Ng5+ Bxg5 45. fxg5 Nd6 46. Kf3 Nxc4 47. Bc3 Nd6 48. h4 Kd5 49. g4 fxg4+ 50. Kxg4 Ke4 51. h5 Nc4 52. hxg6 hxg6 53. Kg3 Nxe3 54. Bxa5 bxa5 55. b6 Nf5+ 56. Kf2 Nd6 57. Ke2 c4 58. Kd2 Kd4 59. Kc2 e4 0-1

[Event "Moscow-ch Women 2021"]
[Site "Moscow"]
[Date "2021.03.30"]
[Round "6.9"]
[White "Kunikova, Polina S"]
[Black "Korovina, Yana"]
[Result "0-1"]
[ECO "B22"]
[WhiteElo "1028"]
[BlackElo "1531"]
[Annotator "NA"]
[PlyCount "58"]
[EventDate "2021.03.25"]
[EventType "swiss"]
[EventCountry "RUS"]
[SourceTitle "playchess.com"]
[Source "ChessBase"]
[SourceQuality "1"]
[TimeControl "5400+30"]

1. e4 c5 2. c3 e5 3. Nf3 Nc6 4. Bc4 g6 5. d4 exd4 6. cxd4 cxd4 7. Nxd4 Nxd4 8. Qxd4 Qf6 9. e5 Qb6 10. Qd5 Qe6 11. Qe4 Qe7 12. Nc3 Bg7 13. Nd5 Qd8 14. O-O h6 15. Bf4 Ne7 16. Nf6+ Kf8 17. Be3 Bxf6 18. exf6 Nc6 19. Bd4 d5 20. Bc5+ Kg8 21. Qxd5 Qxf6 22. Qd3 Bf5 23. Qf3 Kh7 24. b3 b6 25. Be3 Ne5 26. Qf4 g5 27. Qd4 Rhd8 28. Qc3 Nf3+ 29. gxf3 Qxc3 0-1

[Event "Moscow-ch Women 2021"]
[Site "Moscow"]
[Date "2021.03.30"]
[Round "6.10"]
[White "Shevtsova, Stefania"]
[Black "Cherepanova, Evita"]
[Result "1/2-1/2"]
[ECO "C02"]
[WhiteElo "1654"]
[BlackElo "1621"]
[Annotator "NA"]
[PlyCount "125"]
[EventDate "2021.03.25"]
[EventType "swiss"]
[EventCountry "RUS"]
[SourceTitle "playchess.com"]
[Source "ChessBase"]
[SourceQuality "1"]
[TimeControl "5400+30"]

1. e4 e6 2. d4 d5 3. e5 c5 4. c3 Qb6 5. Nf3 Nc6 6. a3 c4 7. Nbd2 Na5 8. Rb1 Bd7 9. g3 Qc7 10. Bg2 Ne7 11. O-O Nc8 12. Nh4 g5 13. Nhf3 Be7 14. h3 Nb6 15. Nh2 Ba4 16. Qf3 Bc2 17. Ra1 Bg6 18. Ng4 O-O-O 19. Nf6 Nd7 20. Nxd7 Qxd7 21. Qd1 Qb5 22. Re1 Rdg8 23. Bf1 Qb6 24. Ra2 g4 25. h4 Nb3 26. Nxb3 cxb3 27. Ra1 Bc2 28. Qe2 a6 29. Bf4 Kb8 30. Kh2 h5 31. Qd2 Rc8 32. Bg5 Bxg5 33. Qxg5 Qd8 34. Qxd8 Rhxd8 35. Re3 Rf8 36. Bd3 Bxd3 37. Rxd3 f6 38. exf6 Rxf6 39. Rd2 Rcf8 40. Kg2 Kc7 41. Re1 Kd6 42. Re5 Rf5 43. Rde2 R8f6 44. Kg1 Kd7 45. Kg2 b5 46. Kg1 Rxe5 47. Rxe5 Rf5 48. Rxf5 exf5 49. Kf1 Ke6 50. Ke2 f4 51. Kd3 Kf5 52. Kd2 fxg3 53. fxg3 Ke4 54. Ke2 a5 55. Kd2 Kf3 56. a4 bxa4 57. c4 Ke4 58. c5 Kf5 59. Kc3 Ke6 60. Kd2 Kd7 61. Kd3 Kc6 62. Kd2 Kb5 63. Kc3 1/2-1/2

[Event "Moscow-ch Women 2021"]
[Site "Moscow"]
[Date "2021.03.31"]
[Round "7.1"]
[White "Charochkina, Daria"]
[Black "Dimitrova, Aleksandra"]
[Result "1-0"]
[ECO "A45"]
[WhiteElo "2337"]
[BlackElo "2275"]
[Annotator "NA"]
[PlyCount "109"]
[EventDate "2021.03.25"]
[EventType "swiss"]
[EventCountry "RUS"]
[SourceTitle "playchess.com"]
[Source "ChessBase"]
[SourceQuality "1"]
[TimeControl "5400+30"]

1. d4 Nf6 2. Bg5 c5 3. Bxf6 exf6 4. e3 cxd4 5. Qxd4 Nc6 6. Qe4+ Qe7 7. Qxe7+ Bxe7 8. Nc3 O-O 9. O-O-O a6 10. g3 b5 11. Bh3 Ne5 12. Nd5 Bc5 13. Ne2 Bb7 14. Nec3 Rfd8 15. Rhe1 Bc6 16. Ne4 Bf8 17. f4 Nc4 18. b3 Bxd5 19. Rxd5 Nb6 20. Rd3 d5 21. Nc3 b4 22. Ne2 g6 23. g4 Bc5 24. Ng3 Re8 25. Bg2 Re7 26. Re2 Rae8 27. Kd2 Kg7 28. Nf1 Rd8 29. Bf3 a5 30. Ke1 a4 31. Kf2 Red7 32. h4 axb3 33. cxb3 d4 34. e4 Nc8 35. g5 fxg5 36. hxg5 Nd6 37. e5 Nf5 38. Bg4 Ra7 39. Bxf5 gxf5 40. Ng3 Kg6 41. Kf3 Rda8 42. Rdd2 Bf8 43. Rxd4 h6 44. gxh6 Rxa2 45. Rxa2 Rxa2 46. Rd8 Bc5 47. Rg8+ Kh7 48. Rg7+ Kh8 49. Nxf5 Rb2 50. Rxf7 Rxb3+ 51. Kg4 Rb1 52. Nh4 Rg1+ 53. Kf5 b3 54. Ng6+ Kg8 55. Rg7# 1-0

[Event "Moscow-ch Women 2021"]
[Site "Moscow"]
[Date "2021.03.31"]
[Round "7.2"]
[White "Paramzina, Anastasya"]
[Black "Zherebtsova, Alexandra"]
[Result "1-0"]
[ECO "C55"]
[WhiteElo "2252"]
[BlackElo "2177"]
[Annotator "NA"]
[PlyCount "61"]
[EventDate "2021.03.25"]
[EventType "swiss"]
[EventCountry "RUS"]
[SourceTitle "playchess.com"]
[Source "ChessBase"]
[SourceQuality "1"]
[TimeControl "5400+30"]

1. e4 e5 2. Nf3 Nc6 3. Bc4 Nf6 4. d3 h6 5. O-O d6 6. a4 g5 7. a5 a6 8. c3 Bg7 9. Nbd2 O-O 10. h3 g4 11. hxg4 Bxg4 12. Qb3 Qd7 13. Nh2 Be6 14. Bxe6 fxe6 15. Ndf3 Rab8 16. g3 Qf7 17. Kg2 Nh5 18. Rh1 Kh7 19. Be3 Rg8 20. Ng4 Qg6 21. Rh4 Nf4+ 22. gxf4 exf4 23. Bxf4 Bf6 24. Rxh6+ Qxh6 25. Bxh6 Rxg4+ 26. Kf1 Kxh6 27. Qxe6 Rg6 28. Ke2 Rf8 29. Qd7 Be7 30. Rh1+ Kg7 31. Nh4 1-0

[Event "Moscow-ch Women 2021"]
[Site "Moscow"]
[Date "2021.03.31"]
[Round "7.3"]
[White "Ilyina, Lada"]
[Black "Gorovenko, Darya"]
[Result "0-1"]
[ECO "B20"]
[WhiteElo "1959"]
[BlackElo "2106"]
[Annotator "NA"]
[PlyCount "112"]
[EventDate "2021.03.25"]
[EventType "swiss"]
[EventCountry "RUS"]
[SourceTitle "playchess.com"]
[Source "ChessBase"]
[SourceQuality "1"]
[TimeControl "5400+30"]

1. e4 c5 2. g3 d5 3. d3 Nc6 4. Bg2 Nf6 5. Nc3 d4 6. Nce2 e5 7. h3 Rb8 8. f4 Bd6 9. Nf3 b5 10. O-O Qc7 11. fxe5 Nxe5 12. Nh4 h6 13. Rxf6 gxf6 14. Nf4 Be6 15. Nh5 Nd7 16. Qf3 Be5 17. Ng7+ Kd8 18. Ng6 Rh7 19. Nxe5 fxe5 20. Nxe6+ fxe6 21. Bd2 Qd6 22. Rf1 Kc7 23. Qh5 Qe7 24. g4 Qe8 25. Qh4 Qg6 26. Kh2 h5 27. g5 Rf8 28. Rxf8 Nxf8 29. Bf3 Qf7 30. Qg3 Ng6 31. b3 h4 32. Qg4 b4 33. Kg2 Rh8 34. Be1 Kd7 35. Bf2 Qf4 36. Be1 Ke7 37. Bd1 Kf7 38. Be2 Qxg4+ 39. Bxg4 Nf4+ 40. Kf3 Kg6 41. Bd2 Rf8 42. Bxf4 Rxf4+ 43. Kg2 Kxg5 44. Bxe6 Rf8 45. Bf5 Kf4 46. Kf2 Rf6 47. Bd7 Ra6 48. Ba4 Ra5 49. Ke2 Kg3 50. Bd7 Rxa2 51. Kd2 Ra1 52. Ke2 Rh1 53. Bf5 Rh2+ 54. Kd1 Rxh3 55. Bxh3 Kxh3 56. Ke2 Kg2 0-1

[Event "Moscow-ch Women 2021"]
[Site "Moscow"]
[Date "2021.03.31"]
[Round "7.4"]
[White "Danilova, Rada"]
[Black "Diakonova, Ekaterina"]
[Result "1-0"]
[ECO "A65"]
[WhiteElo "2048"]
[BlackElo "2156"]
[Annotator "NA"]
[PlyCount "89"]
[EventDate "2021.03.25"]
[EventType "swiss"]
[EventCountry "RUS"]
[SourceTitle "playchess.com"]
[Source "ChessBase"]
[SourceQuality "1"]
[TimeControl "5400+30"]

1. d4 e6 2. c4 c5 3. d5 exd5 4. cxd5 d6 5. Nc3 g6 6. e4 Bg7 7. Nge2 Nf6 8. Ng3 O-O 9. Be2 a6 10. a4 Nbd7 11. O-O Rb8 12. Bg5 Qc7 13. Qd2 Re8 14. f4 h6 15. Bh4 c4 16. Kh1 Qc5 17. a5 b5 18. axb6 Qxb6 19. Bxc4 Ng4 20. Nd1 Nc5 21. e5 dxe5 22. h3 Nf6 23. fxe5 Rxe5 24. Qf4 Ncd7 25. Bxf6 Bxf6 26. Ra3 Kg7 27. Rb3 Qa7 28. Rxb8 Qxb8 29. Ne3 Qxb2 30. Ng4 Re8 31. Qxh6+ Kg8 32. Qf4 Kg7 33. Bd3 Qc3 34. Nh5+ Kf8 35. Nhxf6 Nxf6 36. Nxf6 Re1 37. Rxe1 Qxe1+ 38. Kh2 Qc3 39. Be4 a5 40. d6 Kg7 41. d7 Bxd7 42. Nxd7 f6 43. Qd6 f5 44. Qf8+ Kh7 45. Nf6+ 1-0

[Event "Moscow-ch Women 2021"]
[Site "Moscow"]
[Date "2021.03.31"]
[Round "7.5"]
[White "Shvedova, Alexandra"]
[Black "Zvereva, Margarita"]
[Result "0-1"]
[ECO "C54"]
[WhiteElo "1997"]
[BlackElo "1951"]
[Annotator "NA"]
[PlyCount "114"]
[EventDate "2021.03.25"]
[EventType "swiss"]
[EventCountry "RUS"]
[SourceTitle "playchess.com"]
[Source "ChessBase"]
[SourceQuality "1"]
[TimeControl "5400+30"]

1. e4 e5 2. Nf3 Nc6 3. Bc4 Bc5 4. c3 Nf6 5. d4 exd4 6. e5 d5 7. Bb5 Ne4 8. cxd4 Bb6 9. Nc3 O-O 10. Be3 Bg4 11. h3 Bh5 12. Qc2 Nxc3 13. bxc3 f6 14. exf6 Qxf6 15. O-O-O Bg6 16. Bd3 Bxd3 17. Qxd3 Ne7 18. Ng5 Qg6 19. h4 Qxd3 20. Rxd3 Nf5 21. Ne6 Rf7 22. Nf4 c6 23. Rdd1 Nd6 24. Kc2 Re8 25. Rde1 Ne4 26. Bc1 Bc7 27. Nd3 Rfe7 28. Ba3 Re6 29. f3 Ng3 30. Rxe6 Rxe6 31. Re1 Rxe1 32. Nxe1 Nf5 33. h5 Bg3 34. Nd3 Ne3+ 35. Kc1 Nxg2 36. Nc5 b6 37. Nd3 Ne3 38. Nb4 Bd6 39. Nc2 Bxa3+ 40. Nxa3 Kf7 41. Kd2 Nf1+ 42. Ke1 Ng3 43. Nc2 Ke6 44. Kf2 Nxh5 45. Ke3 c5 46. dxc5 bxc5 47. Ne1 g5 48. Nd3 Kd6 49. Nf2 Nf4 50. Nh1 Ke5 51. Nf2 h5 52. a4 h4 53. Ng4+ Kd6 54. Nh6 Ke6 55. Ng4 Ng6 56. a5 Ne5 57. Nf2 Nc4+ 0-1

[Event "Moscow-ch Women 2021"]
[Site "Moscow"]
[Date "2021.03.31"]
[Round "7.6"]
[White "Kanevskaya, Anna"]
[Black "Korovina, Yana"]
[Result "1/2-1/2"]
[ECO "E18"]
[WhiteElo "2130"]
[BlackElo "1531"]
[Annotator "NA"]
[PlyCount "192"]
[EventDate "2021.03.25"]
[EventType "swiss"]
[EventCountry "RUS"]
[SourceTitle "playchess.com"]
[Source "ChessBase"]
[SourceQuality "1"]
[TimeControl "5400+30"]

1. d4 Nf6 2. Nf3 e6 3. g3 b6 4. Bg2 Bb7 5. O-O Be7 6. c4 d5 7. cxd5 exd5 8. Nc3 O-O 9. Qb3 Ne4 10. Rd1 Nxc3 11. Qxc3 Nd7 12. Be3 Nf6 13. Rac1 Bd6 14. Bf4 Ne4 15. Qc2 Bxf4 16. gxf4 c5 17. dxc5 bxc5 18. Ne5 Qh4 19. e3 Rac8 20. f3 Nf6 21. Qd2 a6 22. Nd3 Nd7 23. Qf2 Qe7 24. Bh3 f5 25. Ne1 Nb6 26. Bf1 Rfe8 27. Rc3 Qf6 28. Ng2 Red8 29. Rdc1 Qd6 30. Rd1 Qf6 31. Rb3 c4 32. Ra3 Rc6 33. Rc3 Na4 34. Ra3 Nb6 35. Rd4 Rcc8 36. Qd2 Qe7 37. Rc3 Na4 38. Rc1 Nb6 39. Rd1 Re8 40. Qc2 Qf7 41. Qd2 Qe7 42. Qc2 Qf7 43. b4 g6 44. Rb1 Qd7 45. a3 Qa4 46. Qxa4 Nxa4 47. Rc1 Nb6 48. Kf2 Kf7 49. Ne1 Re7 50. Nc2 Rce8 51. Rdd1 Ba8 52. Re1 Bb7 53. Nd4 Kf6 54. Rb1 Kf7 55. h4 Kf6 56. b5 a5 57. Nc6 Rc7 58. Ne5 Rcc8 59. Rec1 Re7 60. Be2 Ree8 61. Bd1 Red8 62. Be2 Re8 63. Rd1 Red8 64. Rd4 Nd7 65. Bxc4 Nxe5 66. fxe5+ Kxe5 67. f4+ Ke6 68. Bb3 Rc3 69. Ra4 Ra8 70. Ke2 Rc5 71. Bd1 Kd6 72. Kd2 Rc4 73. Rc1 Rxa4 74. Bxa4 Rc8 75. Rxc8 Bxc8 76. Kc3 Kc5 77. b6 Kxb6 78. Kd4 Bb7 79. Be8 Bc6 80. Bf7 Kb5 81. Bg8 h6 82. Bf7 Ka4 83. Bxg6 Kxa3 84. Kc3 Bd7 85. Bf7 Ka4 86. Bxd5 Kb5 87. Kd4 Kb6 88. Ke5 Kc7 89. Ba2 a4 90. Kf6 Kd6 91. Kg6 Ke7 92. Bb1 Be6 93. e4 fxe4 94. Bxe4 a3 95. Bb1 h5 96. f5 a2 1/2-1/2